 Dungeon Crawl Stone Soup version 0.21.1-1-g345015f (webtiles) character file.

12 Krilegs the Caller (level 2, -7/15 HPs)
             Began as a Kobold Summoner on May 6, 2018.
             Killed from afar by a white imp (8 damage)
             ... with a puff of frost
             ... summoned by the player character
             ... on level 1 of the Dungeon.
             The game lasted 00:04:14 (682 turns).

Krilegs the Caller (Kobold Summoner)                 Turns: 682, Time: 00:04:15

Health: -7/15      AC:  2    Str:  5    XL:     2   Next: 45%
Magic:  0/5        EV: 15    Int: 16    God:
Gold:   56         SH:  0    Dex: 15    Spells: 2/5 levels left

rFire    . . .     SeeInvis .   e - +3 dagger
rCold    . . .     Gourm    .   (shield restricted)
rNeg     . . .     Faith    .   a - +0 robe
rPois    .         Spirit   .   (no helmet)
rElec    .         Reflect  .   (no cloak)
rCorr    .         Harm     .   (no gloves)
MR       .....                  (no boots)
Stlth    ++........             (no amulet)
HPRegen  0.05/turn              (no ring)
MPRegen  0.09/turn              (no ring)

@: no status effects
A: small, carnivore
a: no special abilities


You were on level 1 of the Dungeon.
You were not hungry.

You visited 1 branch of the dungeon, and saw 1 of its levels.

You collected 56 gold pieces.

Inventory:

Hand Weapons
 e - a +3 dagger (weapon)
 f - a +2 hunting sling of freezing
Armour
 a - a +0 robe (worn)
Scrolls
 g - a scroll of identify {unknown}
Potions
 d - a potion of lignification {unknown}
Books
 b - a book of Callings

   Spells                             Type                      Level
   a - Summon Small Mammal            Summoning                    1
   b - Call Imp                       Summoning                    2
   c - Call Canine Familiar           Summoning                    3
   d - Summon Guardian Golem          Hexes/Summoning              3
   e - Summon Lightning Spire         Summoning/Air                4
   f - Summon Ice Beast               Ice/Summoning                4
Comestibles
 c - 3 rations


   Skills:
 + Level 2.4 Dodging
 + Level 2.6 Stealth
 + Level 2.4 Spellcasting
 + Level 4.4 Summonings


You had 2 spell levels left.
You knew the following spells:

 Your Spells              Type           Power        Failure   Level  Hunger
a - Summon Small Mammal   Summ           ###.         3%          1    #......
b - Call Imp              Summ           ###.....     4%          2    ###....


Dungeon Overview and Level Annotations

Branches:
Dungeon (1/15)

Altars:
Ashenzari


Innate Abilities, Weirdness & Mutations

You are small and have problems with some larger weapons.
You are carnivorous and can eat meat at any time.


Message History

The hobgoblin dies!
Casting: Call Imp
Confirm with . or Enter, or press ? or * to list all spells.
You don't have enough magic to cast that spell.
The jackal bites your white imp.
Your white imp gestures at the jackal.
The puff of frost hits the jackal.
The jackal dies!
Casting: Call Imp
Confirm with . or Enter, or press ? or * to list all spells.
A beastly little devil appears in a puff of frigid air.
The kobold hits your white imp but does no damage.
Your white imp hits the kobold.
Your white imp freezes the kobold.
The kobold dies!
The rat closely misses your white imp.
Your white imp hits the rat but does no damage.
Your white imp gestures at the rat.
The puff of frost misses the rat.
The puff of frost hits you!
Ouch! That really hurt!
You die...

.............# #.#
#............# #.#
..###...####.# #.#
#.# #.# #...# #.#
###.# #.# #.# #...#
#.# #...# #.# ..#
#...# #.#
#†#####.### ###
##.## #.#
#.##......# .#####.#
#.###.##.##.#.#
.....#.#
#....@.r.5....#
...#.#.#
#####..5..).#.
.......#######
####.##.#
...........).#
#.##...
..##.#######.#
#......# .......#
#.# #.####.#
.....#.# ##.#### #..
.# .#####.# #.....#
### ##
.#####.####..##.####


You could see a rat and 2 friendly white imps.

Vanquished Creatures
  A hobgoblin (D:1)
  A jackal (D:1)
  A kobold (D:1)
  A rat (D:1)
4 creatures vanquished.

Vanquished Creatures (collateral kills)
  A leopard gecko (D:1)
  A ball python (D:1)
  2 hobgoblins (D:1)
  A jackal (D:1)
  A bat (D:1)
  A frilled lizard (D:1)
  A goblin (D:1)
  A kobold (D:1)
  2 rats (D:1)
11 creatures vanquished.

Grand Total: 15 creatures vanquished

Notes
Turn   | Place    | Note
-------+----------+-------------------------------------------
     0 | D:1      | Krilegs the Kobold Summoner began the quest for the Orb.
     0 | D:1      | Reached XP level 1. HP: 10/10 MP: 3/3
    51 | D:1      | Found a shattered altar of Ashenzari.
   345 | D:1      | Reached XP level 2. HP: 10/15 MP: 1/5
   350 | D:1      | Learned a level 2 spell: Call Imp
   682 | D:1      | Killed from afar by a white imp

Action                   || total
-------------------------++-------
Melee: Dagger            ||     7
       Unarmed           ||     1
 Cast: Summon Small Mamm ||    18
       Call Imp          ||     7
  Eat: Chunk             ||     3
Armor: Robe              ||     2
Dodge: Dodged            ||    21
